[Event "ROU-chT 1st League 2019"]
[Site "Mamaia"]
[Date "2019.09.25"]
[Round "5.21"]
[White "Grigore, George-Gabriel"]
[Black "Svetushkin, Dmitry"]
[Result "0-1"]
[ECO "D10"]
[WhiteElo "2491"]
[BlackElo "2534"]
[Annotator "ChessBase"]
[PlyCount "72"]
[EventDate "2019.09.21"]
[EventType "team-tourn"]
[EventCountry "ROU"]
[SourceTitle "playchess.com"]
[Source "ChessBase"]
[SourceQuality "1"]
[TimeControl "40/5400+30:1800+30"]

1. d4 d5 2. c4 c6 3. Nc3 Nf6 4. cxd5 cxd5 5. Bf4 Nc6 6. e3 Bg4 7. f3 Bd7 8. Bd3 e6 9. g4 Bb4 10. Nge2 Qe7 11. a3 e5 12. dxe5 Bxc3+ 13. Nxc3 Nxe5 14. Be2 Bc6 15. Qd4 Ned7 16. Rd1 O-O 17. h4 Nc5 18. Qe5 Ne6 19. Bg3 Rfe8 20. Rh2 Rad8 21. h5 d4 22. exd4 Nd5 23. Kf1 Nxc3 24. bxc3 Qxa3 25. d5 Nc5 26. Qf5 Ba4 27. Re1 Qxc3 28. d6 Bc6 29. g5 Bd7 30. Qd5 Be6 31. Qd1 Ne4 32. Bf4 Nxd6 33. Qa1 Qb4 34. Be5 Nc4 35. Bxg7 Ne3+ 36. Kg1 Nc2 0-1

[Event "ROU-chT 1st League 2019"]
[Site "Mamaia"]
[Date "2019.09.25"]
[Round "5.23"]
[White "Szabo, Attila"]
[Black "Nevednichy, Vladislav"]
[Result "0-1"]
[ECO "B51"]
[WhiteElo "2239"]
[BlackElo "2522"]
[Annotator "ChessBase"]
[PlyCount "72"]
[EventDate "2019.09.21"]
[EventType "team-tourn"]
[EventCountry "ROU"]
[SourceTitle "playchess.com"]
[Source "ChessBase"]
[SourceQuality "1"]
[TimeControl "40/5400+30:1800+30"]

1. e4 c5 2. Nf3 d6 3. Bb5+ Nd7 4. d4 Ngf6 5. Nc3 cxd4 6. Nxd4 a6 7. Bxd7+ Bxd7 8. O-O b5 9. Re1 e6 10. Bg5 Be7 11. Qd3 O-O 12. a3 Qb6 13. Rad1 Rfc8 14. Nb3 Be8 15. Bf4 Rd8 16. h3 a5 17. Be3 Qb7 18. f3 b4 19. axb4 Qxb4 20. Bc1 Nd7 21. Nd4 Nc5 22. Qe2 Rab8 23. Kh2 a4 24. Nb1 Bh4 25. g3 Bf6 26. c3 Qb7 27. Na3 Nb3 28. Nxb3 Qxb3 29. Rd3 Qb7 30. Red1 Be7 31. Kg2 d5 32. c4 dxe4 33. Qxe4 Qxe4 34. fxe4 Rxd3 35. Rxd3 Bc6 36. Rd1 Bxe4+ 0-1

[Event "ROU-chT 1st League 2019"]
[Site "Mamaia"]
[Date "2019.09.25"]
[Round "5.24"]
[White "Costachi, Mihnea"]
[Black "Vasiesiu, Victor"]
[Result "1/2-1/2"]
[ECO "D76"]
[WhiteElo "2463"]
[BlackElo "2251"]
[Annotator "ChessBase"]
[PlyCount "49"]
[EventDate "2019.09.21"]
[EventType "team-tourn"]
[EventCountry "ROU"]
[SourceTitle "playchess.com"]
[Source "ChessBase"]
[SourceQuality "1"]
[TimeControl "40/5400+30:1800+30"]

1. d4 Nf6 2. Nf3 g6 3. g3 Bg7 4. c4 O-O 5. Bg2 d5 6. cxd5 Nxd5 7. O-O Nb6 8. Nc3 Nc6 9. d5 Bxc3 10. dxc6 Bg7 11. Qxd8 Rxd8 12. Bf4 bxc6 13. Bxc7 Rd7 14. Be5 Ba6 15. Bxg7 Kxg7 16. Rfe1 f6 17. Rac1 Bb7 18. Red1 Rad8 19. Rxd7 Rxd7 20. Kf1 c5 21. Bh3 Rd5 22. b3 e5 23. e4 Rd6 24. Rxc5 Bxe4 25. Ke2 1/2-1/2

[Event "ROU-chT 1st League 2019"]
[Site "Mamaia"]
[Date "2019.09.25"]
[Round "5.26"]
[White "Sivuk, Vitaly"]
[Black "Gavrilescu, David"]
[Result "1-0"]
[ECO "E54"]
[WhiteElo "2559"]
[BlackElo "2451"]
[Annotator "ChessBase"]
[PlyCount "81"]
[EventDate "2019.09.21"]
[EventType "team-tourn"]
[EventCountry "ROU"]
[SourceTitle "playchess.com"]
[Source "ChessBase"]
[SourceQuality "1"]
[TimeControl "40/5400+30:1800+30"]

1. d4 d5 2. c4 e6 3. Nc3 Bb4 4. e3 Nf6 5. Nf3 O-O 6. Bd3 dxc4 7. Bxc4 c5 8. O-O Nc6 9. a3 Ba5 10. Qd3 a6 11. Ne4 b5 12. Nxf6+ Qxf6 13. Qe4 Bb7 14. Bd3 g6 15. dxc5 Nb4 16. Qe5 Qxe5 17. Nxe5 Nxd3 18. Nxd3 Rfd8 19. Ne5 Bc7 20. Nf3 Bxf3 21. gxf3 Be5 22. Rb1 Rd3 23. f4 Bg7 24. Re1 a5 25. e4 Bd4 26. Be3 a4 27. Kf1 Rd8 28. c6 Bxe3 29. Rxe3 R3d4 30. Rc1 Rc8 31. Rc5 b4 32. Ke2 Kf8 33. Rd3 Rxe4+ 34. Kf3 f5 35. Rd7 bxa3 36. bxa3 Ke8 37. Rxh7 Kd8 38. c7+ Ke8 39. Rc6 Re1 40. Rd6 Rc1 41. Rd8+ 1-0

[Event "ROU-chT 1st League 2019"]
[Site "Mamaia"]
[Date "2019.09.25"]
[Round "5.27"]
[White "Carmaciu, Lucian-Catalin"]
[Black "Georgescu, Tiberiu-Marian"]
[Result "1/2-1/2"]
[ECO "C54"]
[WhiteElo "2375"]
[BlackElo "2508"]
[Annotator "ChessBase"]
[PlyCount "30"]
[EventDate "2019.09.21"]
[EventType "team-tourn"]
[EventCountry "ROU"]
[SourceTitle "playchess.com"]
[Source "ChessBase"]
[SourceQuality "1"]
[TimeControl "40/5400+30:1800+30"]

1. e4 e5 2. Nf3 Nc6 3. Bc4 Bc5 4. c3 Nf6 5. d3 d6 6. Bg5 h6 7. Bh4 g5 8. Bg3 Qe7 9. a4 a5 10. Nbd2 Nh5 11. Nb3 Bb6 12. Qe2 Bg4 13. h3 Be6 14. Nfd2 Nxg3 15. fxg3 O-O-O 1/2-1/2

[Event "ROU-chT 1st League 2019"]
[Site "Mamaia"]
[Date "2019.09.25"]
[Round "5.28"]
[White "David, Alexandru-Vasile"]
[Black "Gilea, Lucian"]
[Result "1-0"]
[ECO "A80"]
[WhiteElo "2424"]
[BlackElo "2291"]
[Annotator "NA"]
[PlyCount "79"]
[EventDate "2019.09.21"]
[EventType "team-tourn"]
[EventCountry "ROU"]
[SourceTitle "playchess.com"]
[Source "ChessBase"]
[SourceQuality "1"]
[TimeControl "40/5400+30:1800+30"]

1. d4 f5 2. Bg5 h6 3. Bd2 Nf6 4. e3 d6 5. Nc3 e6 6. Be2 g6 7. Nh3 Qe7 8. Nf4 Qf7 9. O-O e5 10. dxe5 dxe5 11. Nd3 Nc6 12. f4 exf4 13. exf4 Bg7 14. Ne5 Nxe5 15. fxe5 Nd7 16. Re1 Qe6 17. Bf3 c6 18. Bf4 O-O 19. Nd5 Rb8 20. Bg3 Nxe5 21. Kh1 Rd8 22. Qe2 Nxf3 23. Ne7+ Kf7 24. Qxf3 Qc4 25. Bxb8 Be6 26. Nxg6 Kxg6 27. Be5 Bf8 28. b3 Qxc2 29. Qg3+ Kh7 30. Bf6 Re8 31. Rad1 Bf7 32. Rd7 Rxe1+ 33. Qxe1 Kg6 34. Bd4 f4 35. h3 Qf5 36. Rd8 Ba3 37. Qe5 Qxe5 38. Bxe5 Kf5 39. Bd6 Bc1 40. Rd7 1-0

[Event "ROU-chT 1st League 2019"]
[Site "Mamaia"]
[Date "2019.09.25"]
[Round "5.29"]
[White "Ghimpu, Samuel-Timotei"]
[Black "Stoleriu, George"]
[Result "1/2-1/2"]
[ECO "C03"]
[WhiteElo "2158"]
[BlackElo "2351"]
[Annotator "NA"]
[PlyCount "27"]
[EventDate "2019.09.21"]
[EventType "team-tourn"]
[EventCountry "ROU"]
[SourceTitle "playchess.com"]
[Source "ChessBase"]
[SourceQuality "1"]
[TimeControl "40/5400+30:1800+30"]

1. e4 e6 2. d4 d5 3. Nd2 Be7 4. Ngf3 Nf6 5. Bd3 c5 6. dxc5 dxe4 7. Nxe4 Nxe4 8. Bxe4 Qxd1+ 9. Kxd1 Bxc5 10. Ke2 Nd7 11. Be3 Bxe3 12. Kxe3 Nc5 13. Rhd1 Nxe4 14. Kxe4 1/2-1/2

[Event "ROU-chT 1st League 2019"]
[Site "Mamaia"]
[Date "2019.09.25"]
[Round "5.30"]
[White "Petrisor, Adrian-Marian"]
[Black "Coca, Cristi-Iulian"]
[Result "1/2-1/2"]
[ECO "A05"]
[WhiteElo "2411"]
[BlackElo "2106"]
[Annotator "NA"]
[PlyCount "31"]
[EventDate "2019.09.21"]
[EventType "team-tourn"]
[EventCountry "ROU"]
[SourceTitle "playchess.com"]
[Source "ChessBase"]
[SourceQuality "1"]
[TimeControl "40/5400+30:1800+30"]

1. Nf3 Nf6 2. g3 g6 3. Bg2 Bg7 4. O-O O-O 5. d4 d6 6. c4 a6 7. d5 c6 8. Nc3 cxd5 9. cxd5 b5 10. a3 Bb7 11. Nd4 Qb6 12. Nc2 Nbd7 13. Be3 Qa5 14. Nb4 Rac8 15. Rc1 Rc4 16. Nc6 1/2-1/2

[Event "ROU-chT 1st League 2019"]
[Site "Mamaia"]
[Date "2019.09.26"]
[Round "6.1"]
[White "Kuzubov, Yuriy"]
[Black "Zubov, Alexander"]
[Result "1/2-1/2"]
[ECO "A50"]
[WhiteElo "2636"]
[BlackElo "2612"]
[Annotator "ChessBase"]
[PlyCount "76"]
[EventDate "2019.09.21"]
[EventType "team-tourn"]
[EventCountry "ROU"]
[SourceTitle "playchess.com"]
[Source "ChessBase"]
[SourceQuality "1"]
[TimeControl "40/5400+30:1800+30"]

1. d4 Nf6 2. c4 g6 3. f3 e6 4. e4 d5 5. cxd5 exd5 6. Nc3 dxe4 7. fxe4 Bg7 8. Bg5 h6 9. Bh4 g5 10. Bg3 O-O 11. Nf3 c5 12. dxc5 Qa5 13. Qd2 Re8 14. e5 Nc6 15. Bb5 Nh5 16. O-O Nxg3 17. hxg3 a6 18. Bxc6 Qxc5+ 19. Nd4 bxc6 20. Qf2 Be6 21. Ne4 Qxe5 22. Nf6+ Bxf6 23. Qxf6 Qxf6 24. Rxf6 Kg7 25. Rf3 Bg4 26. Rf2 c5 27. Nf5+ Kg6 28. Nd6 Re6 29. Nb7 c4 30. Na5 c3 31. bxc3 Rc8 32. Rc1 Re3 33. c4 Rxg3 34. c5 Be6 35. c6 Ra3 36. Nc4 Bxc4 37. Rxc4 Rd3 38. c7 Rd7 1/2-1/2

[Event "ROU-chT 1st League 2019"]
[Site "Mamaia"]
[Date "2019.09.26"]
[Round "6.2"]
[White "Sivuk, Vitaly"]
[Black "Baklan, Vladimir"]
[Result "1/2-1/2"]
[ECO "E59"]
[WhiteElo "2559"]
[BlackElo "2604"]
[Annotator "ChessBase"]
[PlyCount "58"]
[EventDate "2019.09.21"]
[EventType "team-tourn"]
[EventCountry "ROU"]
[SourceTitle "playchess.com"]
[Source "ChessBase"]
[SourceQuality "1"]
[TimeControl "40/5400+30:1800+30"]

1. d4 Nf6 2. c4 e6 3. Nc3 Bb4 4. e3 O-O 5. Bd3 c5 6. Nf3 d5 7. O-O dxc4 8. Bxc4 Nc6 9. a3 Bxc3 10. bxc3 Qc7 11. Bb2 e5 12. h3 Bf5 13. Bb5 e4 14. Nd2 Rad8 15. Rc1 h6 16. a4 Rfe8 17. Ba3 b6 18. f4 Bd7 19. Qe2 Na5 20. Rfd1 a6 21. Bxd7 Qxd7 22. dxc5 Qxa4 23. Bb4 Nb7 24. cxb6 a5 25. Qa6 Rd7 26. Ra1 Qc2 27. Rac1 Qa4 28. Ra1 Qc2 29. Rac1 Qa4 1/2-1/2

[Event "ROU-chT 1st League 2019"]
[Site "Mamaia"]
[Date "2019.09.26"]
[Round "6.3"]
[White "Rogozenco, Dorian"]
[Black "Georgescu, Tiberiu-Marian"]
[Result "1-0"]
[ECO "D35"]
[WhiteElo "2491"]
[BlackElo "2508"]
[Annotator "ChessBase"]
[PlyCount "131"]
[EventDate "2019.09.21"]
[EventType "team-tourn"]
[EventCountry "ROU"]
[SourceTitle "playchess.com"]
[Source "ChessBase"]
[SourceQuality "1"]
[TimeControl "40/5400+30:1800+30"]

1. d4 d5 2. c4 e6 3. Nc3 Nf6 4. cxd5 exd5 5. Bg5 c6 6. e3 Be7 7. Qc2 Nbd7 8. Nf3 h6 9. Bh4 Nh5 10. Bxe7 Qxe7 11. O-O-O Nb6 12. Ne5 Nf6 13. Be2 Be6 14. Rhe1 O-O-O 15. Na4 Nfd7 16. Nxd7 Nxd7 17. Bd3 Kb8 18. Kb1 h5 19. Rc1 Rc8 20. Ka1 Rc7 21. Qd2 Qd6 22. h3 Qh2 23. Bf1 Qd6 24. Bd3 h4 25. Rc3 Qb4 26. Qd1 Ka8 27. Nc5 Nxc5 28. Rxc5 g6 29. Qe2 Kb8 30. Rec1 Rh5 31. Bb5 a6 32. a3 Qxb5 33. Rxb5 axb5 34. Qe1 Rg5 35. Qh1 Kc8 36. Qh2 Kd7 37. Rg1 Rf5 38. f3 Rc8 39. e4 Rh5 40. Qf4 Ra8 41. Kb1 b4 42. axb4 dxe4 43. fxe4 Rb5 44. d5 cxd5 45. Rc1 Rc8 46. Rxc8 Kxc8 47. e5 Rb6 48. Qxh4 Rc6 49. b5 Bf5+ 50. Ka2 Re6 51. Qd4 Re7 52. g4 Be6 53. b6 Kd8 54. h4 Ke8 55. h5 gxh5 56. gxh5 Bf5 57. Qa4+ Kf8 58. Qa8+ Re8 59. Qxb7 d4 60. Qc7 d3 61. b7 d2 62. Qd6+ Kg7 63. Qxd2 Be6+ 64. Ka3 Rb8 65. Qg5+ Kf8 66. h6 1-0

[Event "ROU-chT 1st League 2019"]
[Site "Mamaia"]
[Date "2019.09.26"]
[Round "6.4"]
[White "David, Alexandru-Vasile"]
[Black "Manolache, Marius"]
[Result "0-1"]
[ECO "A43"]
[WhiteElo "2424"]
[BlackElo "2548"]
[Annotator "ChessBase"]
[PlyCount "120"]
[EventDate "2019.09.21"]
[EventType "team-tourn"]
[EventCountry "ROU"]
[SourceTitle "playchess.com"]
[Source "ChessBase"]
[SourceQuality "1"]
[TimeControl "40/5400+30:1800+30"]

1. d4 Nf6 2. c4 c5 3. d5 d6 4. Nc3 g6 5. e4 Bg7 6. Nf3 O-O 7. h3 e6 8. Bd3 Na6 9. O-O Nc7 10. Bg5 h6 11. Be3 exd5 12. cxd5 b5 13. a3 Re8 14. b4 Nxe4 15. Nxe4 Nxd5 16. Rc1 Nxe3 17. fxe3 Bb7 18. bxc5 Bxe4 19. Bxe4 Rxe4 20. cxd6 Re6 21. d7 Re7 22. Qd5 Rxd7 23. Qxb5 Re7 24. Qc4 Qe8 25. Qa6 Rxe3 26. Rc7 Re7 27. Rfc1 Rxc7 28. Rxc7 Bd4+ 29. Kh1 Bb6 30. Rc1 Rd8 31. Qc4 Qd7 32. Qf4 Kg7 33. Qe5+ f6 34. Qc3 g5 35. Rf1 Qd6 36. Nh2 Re8 37. Qf3 Re3 38. Qf5 Qe6 39. Qb1 Qe4 40. Qb5 Qd3 41. Qc6 Bd8 42. Qb7+ Re7 43. Qc6 Rc7 44. Qe8 Be7 45. a4 Bb4 46. Qb8 Ba5 47. Qb2 Bc3 48. Qb3 Rd7 49. Qe6 Be5 50. Re1 Qd6 51. Qxd6 Rxd6 52. Kg1 h5 53. g4 Rd3 54. Rb1 Rxh3 55. Rb7+ Kh6 56. Nf1 Ra3 57. Kg2 hxg4 58. Rxa7 Ra2+ 59. Kh1 g3 60. Ne3 g2+ 0-1

[Event "ROU-chT 1st League 2019"]
[Site "Mamaia"]
[Date "2019.09.26"]
[Round "6.5"]
[White "Anton, Teodor"]
[Black "Stoleriu, George"]
[Result "1-0"]
[ECO "E11"]
[WhiteElo "2445"]
[BlackElo "2351"]
[Annotator "NA"]
[PlyCount "45"]
[EventDate "2019.09.21"]
[EventType "team-tourn"]
[EventCountry "ROU"]
[SourceTitle "playchess.com"]
[Source "ChessBase"]
[SourceQuality "1"]
[TimeControl "40/5400+30:1800+30"]

1. Nf3 Nf6 2. c4 e6 3. d4 Bb4+ 4. Nbd2 O-O 5. a3 Be7 6. e4 d6 7. Bd3 Nfd7 8. b4 e5 9. d5 a5 10. Bb2 c6 11. O-O Nb6 12. c5 dxc5 13. bxc5 Bxc5 14. Nxe5 f6 15. Nef3 cxd5 16. Qc2 dxe4 17. Nxe4 Be7 18. Rad1 Kh8 19. Ng3 Bg4 20. Bxh7 Qc8 21. Qg6 Qe8 22. Qxg4 Kxh7 23. Qh3+ 1-0

[Event "ROU-chT 1st League 2019"]
[Site "Mamaia"]
[Date "2019.09.26"]
[Round "6.6"]
[White "Petrisor, Adrian-Marian"]
[Black "Banzea, Alexandru-Bogdan"]
[Result "1/2-1/2"]
[ECO "B12"]
[WhiteElo "2411"]
[BlackElo "2401"]
[Annotator "NA"]
[PlyCount "35"]
[EventDate "2019.09.21"]
[EventType "team-tourn"]
[EventCountry "ROU"]
[SourceTitle "playchess.com"]
[Source "ChessBase"]
[SourceQuality "1"]
[TimeControl "40/5400+30:1800+30"]

1. e4 c6 2. d4 d5 3. e5 Bf5 4. Nf3 e6 5. Be2 Nd7 6. O-O h6 7. Nbd2 Ne7 8. Re1 a6 9. Nf1 c5 10. Ne3 Be4 11. dxc5 Bxf3 12. Bxf3 Nxe5 13. Be2 g6 14. Ng4 Nxg4 15. Bxg4 Bg7 16. c4 O-O 17. cxd5 Nxd5 18. Bf3 1/2-1/2

[Event "ROU-chT 1st League 2019"]
[Site "Mamaia"]
[Date "2019.09.26"]
[Round "6.7"]
[White "Parligras, Mircea-Emilian"]
[Black "Kozak, Adam"]
[Result "1/2-1/2"]
[ECO "D37"]
[WhiteElo "2629"]
[BlackElo "2512"]
[Annotator "ChessBase"]
[PlyCount "46"]
[EventDate "2019.09.21"]
[EventType "team-tourn"]
[EventCountry "ROU"]
[SourceTitle "playchess.com"]
[Source "ChessBase"]
[SourceQuality "1"]
[TimeControl "40/5400+30:1800+30"]

1. d4 Nf6 2. c4 e6 3. Nf3 d5 4. Nc3 Nbd7 5. Qc2 dxc4 6. e4 c5 7. dxc5 Bxc5 8. Bxc4 a6 9. O-O Qc7 10. Qe2 b5 11. Bd3 b4 12. Na4 Be7 13. Bd2 Bb7 14. Rfc1 Qb8 15. a3 bxa3 16. bxa3 O-O 17. Bb4 Qd8 18. Rab1 Rb8 19. Nc5 Nxc5 20. Bxc5 Bxc5 21. Rxc5 Ba8 22. Rxb8 Qxb8 23. Qc2 h6 1/2-1/2

[Event "ROU-chT 1st League 2019"]
[Site "Mamaia"]
[Date "2019.09.26"]
[Round "6.8"]
[White "Gavrilescu, David"]
[Black "Deac, Bogdan-Daniel"]
[Result "1/2-1/2"]
[ECO "C45"]
[WhiteElo "2451"]
[BlackElo "2613"]
[Annotator "ChessBase"]
[PlyCount "83"]
[EventDate "2019.09.21"]
[EventType "team-tourn"]
[EventCountry "ROU"]
[SourceTitle "playchess.com"]
[Source "ChessBase"]
[SourceQuality "1"]
[TimeControl "40/5400+30:1800+30"]

1. e4 e5 2. Nf3 Nc6 3. d4 exd4 4. Nxd4 Nf6 5. Nxc6 bxc6 6. e5 Qe7 7. Qe2 Nd5 8. h4 Qe6 9. Nd2 d6 10. exd6 Bxd6 11. Nc4 Bc5 12. a3 O-O 13. Qxe6 Bxe6 14. Bd3 a5 15. O-O Bd4 16. Re1 Rfb8 17. Ne5 Bxb2 18. Bxb2 Rxb2 19. Nxc6 Rb6 20. Nd4 Nf4 21. Nxe6 Nxd3 22. Nxc7 Nxe1 23. Nxa8 Nxc2 24. Nxb6 Nxa1 25. Nc4 Nb3 26. Kf1 f5 27. Ke2 Kf7 28. Kd3 Ke6 29. Kc3 Nc5 30. Nxa5 Ne4+ 31. Kd4 Nxf2 32. Nc4 h6 33. a4 g5 34. a5 Kd7 35. h5 f4 36. Ne5+ Kc7 37. Nf7 Ng4 38. Ke4 Kb7 39. Kf3 Nh2+ 40. Ke4 Ng4 41. Kf5 Ne3+ 42. Ke4 1/2-1/2

[Event "ROU-chT 1st League 2019"]
[Site "Mamaia"]
[Date "2019.09.26"]
[Round "6.9"]
[White "Svetushkin, Dmitry"]
[Black "Pisu, Robert-Daniel"]
[Result "1-0"]
[ECO "C65"]
[WhiteElo "2534"]
[BlackElo "2244"]
[Annotator "ChessBase"]
[PlyCount "63"]
[EventDate "2019.09.21"]
[EventType "team-tourn"]
[EventCountry "ROU"]
[SourceTitle "playchess.com"]
[Source "ChessBase"]
[SourceQuality "1"]
[TimeControl "40/5400+30:1800+30"]

1. e4 e5 2. Nf3 Nc6 3. Bb5 Nf6 4. d3 Bc5 5. Bxc6 dxc6 6. Nbd2 Be6 7. O-O Nd7 8. Nb3 Bd6 9. Na5 Rb8 10. a3 c5 11. Be3 O-O 12. c3 c6 13. b4 Qc7 14. Ng5 Rbe8 15. g3 b6 16. Nxe6 Rxe6 17. Nc4 Kh8 18. Rc1 Ree8 19. Qg4 cxb4 20. cxb4 c5 21. h4 cxb4 22. Nxb6 Nf6 23. Qf5 Qb8 24. Nc4 bxa3 25. h5 Bb4 26. h6 Re6 27. hxg7+ Kxg7 28. d4 Rfe8 29. d5 Ra6 30. f4 exf4 31. Bd4 h6 32. Rxf4 1-0

[Event "ROU-chT 1st League 2019"]
[Site "Mamaia"]
[Date "2019.09.26"]
[Round "6.10"]
[White "Coca, Cristi-Iulian"]
[Black "Iordachescu, Viorel"]
[Result "1-0"]
[ECO "B06"]
[WhiteElo "2106"]
[BlackElo "2602"]
[Annotator "ChessBase"]
[PlyCount "57"]
[EventDate "2019.09.21"]
[EventType "team-tourn"]
[EventCountry "ROU"]
[SourceTitle "playchess.com"]
[Source "ChessBase"]
[SourceQuality "1"]
[TimeControl "40/5400+30:1800+30"]

1. e4 g6 2. d4 Bg7 3. Nc3 c6 4. Be3 Qb6 5. Qd2 Qxb2 6. Rb1 Qa3 7. Bd3 d6 8. Nge2 Qa5 9. f4 Nf6 10. h3 e5 11. dxe5 dxe5 12. f5 gxf5 13. exf5 h5 14. O-O h4 15. Bc4 Nbd7 16. Kh1 Bf8 17. Bg5 Be7 18. Rbe1 Qb4 19. Bb3 b6 20. a3 Qc5 21. Rd1 Qa5 22. Be6 Nc5 23. Bxf6 Bxf6 24. Qd6 Ba6 25. Ne4 Rh6 26. Nxc5 fxe6 27. Qxe6+ Be7 28. f6 Qxc5 29. f7+ 1-0

[Event "ROU-chT 1st League 2019"]
[Site "Mamaia"]
[Date "2019.09.26"]
[Round "6.11"]
[White "Nevednichy, Vladislav"]
[Black "Dobrin, Ionut-Alexandru"]
[Result "1-0"]
[ECO "B20"]
[WhiteElo "2522"]
[BlackElo "2089"]
[Annotator "ChessBase"]
[PlyCount "77"]
[EventDate "2019.09.21"]
[EventType "team-tourn"]
[EventCountry "ROU"]
[SourceTitle "playchess.com"]
[Source "ChessBase"]
[SourceQuality "1"]
[TimeControl "40/5400+30:1800+30"]

1. e4 c5 2. Na3 e6 3. c3 d5 4. e5 Nc6 5. Nf3 Qb6 6. Nc2 Bd7 7. d4 f6 8. Bd3 O-O-O 9. O-O cxd4 10. cxd4 Nge7 11. b4 Ng6 12. b5 Nb4 13. Nxb4 Bxb4 14. Qb3 Be7 15. a4 a5 16. Bxg6 hxg6 17. Qc2+ Kb8 18. Qxg6 Rdf8 19. Ba3 Qd8 20. Qxg7 Bxa3 21. Rxa3 Rhg8 22. Qh6 Qe7 23. Rfa1 Rh8 24. Qd2 b6 25. exf6 Rxf6 26. Ne5 Rfh6 27. h3 Rf6 28. Rc3 Kb7 29. Qg5 Rhf8 30. Rac1 Be8 31. Ng4 R6f7 32. Qe5 Qd7 33. Rc6 Qd8 34. R6c3 Re7 35. Rc8 Qxc8 36. Rxc8 Kxc8 37. Qd6 Rff7 38. Ne5 Rg7 39. Qxb6 1-0

[Event "ROU-chT 1st League 2019"]
[Site "Mamaia"]
[Date "2019.09.26"]
[Round "6.12"]
[White "Craciun, Alexandru-Emilian"]
[Black "Costachi, Mihnea"]
[Result "0-1"]
[ECO "C89"]
[WhiteElo "2077"]
[BlackElo "2463"]
[Annotator "ChessBase"]
[PlyCount "130"]
[EventDate "2019.09.21"]
[EventType "team-tourn"]
[EventCountry "ROU"]
[SourceTitle "playchess.com"]
[Source "ChessBase"]
[SourceQuality "1"]
[TimeControl "40/5400+30:1800+30"]

1. e4 e5 2. Nf3 Nc6 3. Bb5 a6 4. Ba4 Nf6 5. O-O Be7 6. Re1 b5 7. Bb3 O-O 8. c3 d5 9. d3 dxe4 10. dxe4 Qxd1 11. Bxd1 Rd8 12. Bc2 h6 13. Nbd2 Be6 14. Bb3 Bxb3 15. Nxb3 a5 16. Nbd2 a4 17. Nf1 Rd3 18. Ng3 Bc5 19. h3 Nd7 20. Kf1 Nb6 21. Ke2 Rd7 22. Nf1 Nc4 23. N3d2 Nd6 24. Ne3 Bxe3 25. Kxe3 Na5 26. Kd3 c5 27. Kc2 b4 28. Re3 Ndc4 29. Rd3 Rxd3 30. Kxd3 Nxd2 31. Bxd2 b3 32. Be3 c4+ 33. Ke2 bxa2 34. Rxa2 Nb3 35. f4 exf4 36. Bxf4 Kf8 37. Kf3 Ke7 38. e5 Kd7 39. Ke4 Kc6 40. Be3 Kb5 41. g4 Re8 42. h4 f6 43. Bd4 fxe5 44. Be3 Rf8 45. h5 Rf1 46. Kxe5 Na1 47. Bd4 Nc2 48. Ke6 Rf4 49. Bxg7 Rxg4 50. Bf6 Rg2 51. Kf7 Rg1 52. Be7 Ne3 53. Bf8 Rf1+ 54. Kg7 Ng4 55. Be7 Re1 56. Bh4 Rh1 57. Be7 Rxh5 58. Ra1 Re5 59. Bd6 Rd5 60. Bf4 Nf2 61. Be3 Nd1 62. Bxh6 Nxb2 63. Rb1 a3 64. Kf6 Rd6+ 65. Kg5 Rd1 0-1

[Event "ROU-chT 1st League 2019"]
[Site "Mamaia"]
[Date "2019.09.26"]
[Round "6.13"]
[White "Macovei, Andrei"]
[Black "Erdos, Viktor"]
[Result "1/2-1/2"]
[ECO "C70"]
[WhiteElo "2426"]
[BlackElo "2604"]
[Annotator "ChessBase"]
[PlyCount "69"]
[EventDate "2019.09.21"]
[EventType "team-tourn"]
[EventCountry "ROU"]
[SourceTitle "playchess.com"]
[Source "ChessBase"]
[SourceQuality "1"]
[TimeControl "40/5400+30:1800+30"]

1. e4 e5 2. Nf3 Nc6 3. Bb5 a6 4. Ba4 b5 5. Bb3 Na5 6. O-O d6 7. d4 exd4 8. Nxd4 Bb7 9. c4 c5 10. Nf5 g6 11. Ne3 Bg7 12. Nc3 Nxb3 13. Qxb3 Nf6 14. cxb5 O-O 15. bxa6 Bxa6 16. Rd1 Re8 17. Qc2 Qb8 18. b3 Nxe4 19. Bb2 Nxc3 20. Bxc3 Re6 21. Bxg7 Kxg7 22. Qc3+ f6 23. Re1 Qg8 24. Rad1 Qf7 25. h4 Bb7 26. Rd2 h5 27. Red1 Ra6 28. Nd5 Bxd5 29. Rxd5 Rxa2 30. Rxd6 Rxd6 31. Rxd6 Ra3 32. Qxc5 Rxb3 33. Rd8 Rb1+ 34. Kh2 Rb7 35. Qd5 1/2-1/2

[Event "ROU-chT 1st League 2019"]
[Site "Mamaia"]
[Date "2019.09.26"]
[Round "6.14"]
[White "Gonda, Laszlo"]
[Black "Schitco, Ivan"]
[Result "1/2-1/2"]
[ECO "A06"]
[WhiteElo "2541"]
[BlackElo "2492"]
[Annotator "ChessBase"]
[PlyCount "23"]
[EventDate "2019.09.21"]
[EventType "team-tourn"]
[EventCountry "ROU"]
[SourceTitle "playchess.com"]
[Source "ChessBase"]
[SourceQuality "1"]
[TimeControl "40/5400+30:1800+30"]

1. Nf3 d5 2. g3 Bg4 3. Bg2 Nd7 4. O-O Ngf6 5. d3 c6 6. Qe1 e5 7. e4 dxe4 8. dxe4 Bc5 9. Nbd2 O-O 10. Nb3 Be7 11. Bd2 Qc7 12. Bc3 1/2-1/2

[Event "ROU-chT 1st League 2019"]
[Site "Mamaia"]
[Date "2019.09.26"]
[Round "6.15"]
[White "Dicu, Razvan-Stefan"]
[Black "Grigore, George-Gabriel"]
[Result "0-1"]
[ECO "B01"]
[WhiteElo "2291"]
[BlackElo "2491"]
[Annotator "ChessBase"]
[PlyCount "67"]
[EventDate "2019.09.21"]
[EventType "team-tourn"]
[EventCountry "ROU"]
[SourceTitle "playchess.com"]
[Source "ChessBase"]
[SourceQuality "1"]
[TimeControl "40/5400+30:1800+30"]

1. e4 d5 2. exd5 Qxd5 3. Nc3 Qd6 4. d4 Nf6 5. Nf3 g6 6. Ne5 Bg7 7. Be2 O-O 8. O-O c5 9. Nb5 Qb6 10. a4 a6 11. dxc5 Qxc5 12. Nd3 Qb6 13. Be3 Qd8 14. Nc3 Nc6 15. Bf3 Nd4 16. Bxd4 Qxd4 17. a5 Rb8 18. Ra4 Qd6 19. Qe2 Rd8 20. Re1 e6 21. Ne5 Bd7 22. Nc4 Qc7 23. Raa1 Bc6 24. Nb6 Nd7 25. Bxc6 Qxc6 26. Nxd7 Rxd7 27. Ra3 Rbd8 28. Qe4 Qxe4 29. Nxe4 Bxb2 30. Rb3 Bg7 31. Nc5 Rc7 32. Nxb7 Rd2 33. c3 Bxc3 34. Ra1 0-1